 Dungeon Sprint DCSS version 0.17-a0-1570-g74b7129 (webtiles) character file.

0 nuthulu the Ruffian (level 1, -6/19 HPs)
             Began as a Ghoul Monk on July 23, 2015.
             Was a Believer of Makhleb.
             Mangled by Sigmund
             ... wielding a +0 scythe
              (13 damage)
             ... in the Dungeon (Sprint VI: "Thunderdome").
             The game lasted 00:00:37 (47 turns).

nuthulu the Ruffian (Ghoul Monk)                      Turns: 47, Time: 00:00:37

Health: -6/19      AC:  2    Str: 14    XL:     1   Next: 20%
Magic:  0/0        EV: 12    Int:  5    God:    Makhleb [**....]
Gold:   200        SH:  0    Dex: 11    Spells: 0 memorised, 0 levels left

rFire  . . .     SeeInvis .       - Unarmed
rCold  + . .     Clarity  .     a - +0 robe
rNeg   + + +     SustAt   .     (no shield)
rPois  ∞         Gourm    .     (no helmet)
rElec  .         Spirit   .     (no cloak)
rCorr  .         Warding  .     (no gloves)
rMut   .         NoTele   +     (no boots)
MR     .....                    (no amulet)
Stlth  ++........               (no ring)
                                (no ring)

@: rotting, not resistant to hostile enchantments, unstealthy
A: rotting body, claws 1, carnivore 3, cold resistance 1, negative energy
resistance 3, slow healing 1, torment resistance, unbreathing
a: Minor Destruction, Renounce Religion


You were in the Dungeon.
You worshipped Makhleb.
Makhleb was pleased with you.
You were not hungry.

You visited 1 branch You collected 200 gold pieces.

Inventory:

Armour
 a - a +0 robe (worn)
Magical devices
 i - a wand of cold (4)
 j - a wand of fire (5)
Scrolls
 h - 4 scrolls of blinking
 k - 3 scrolls of fog
Potions
 c - a potion of curing
 d - 3 potions of heal wounds
 e - 4 potions of haste
 f - 2 potions of magic
 g - a potion of berserk rage
 l - a potion of resistance
Comestibles
 b - a meat ration


   Skills:
 + Level 3.5 Fighting
 + Level 2.9 Dodging
 - Level 2.1 Stealth
 + Level 4.6 Unarmed Combat


You couldn't memorise any spells.
You didn't know any spells.

Dungeon Overview and Level Annotations

Branches:
Dungeon (1/1)

Altars:
Fedhas
Gozag
Kikubaaqudgha
Makhleb
Qazlal
Ru
Sif Muna
Vehumet
Xom
Yredelemnul
Zin
The Shining One
Jiyva
Lugonu

Shops:
D *[%?**[(!!!!

Annotations:
D Sigmund


Innate Abilities, Weirdness & Mutations

Your body is rotting away.
You thrive on raw meat.
You are immune to poison.
You have sharp fingernails.
You are carnivorous and can eat meat at any time.
Your flesh is cold resistant.
You are immune to negative energy.
You heal slowly when monsters are visible.
You are immune to unholy pain and torment.
You can survive without breathing.


Message History

Sigmund is severely wounded.
The hobgoblin misses you.
Unknown command.
You scratch Sigmund.
Sigmund is severely wounded.
The hobgoblin hits you.
Sigmund points at you and mumbles some strange words.
The puff of flame hits you!
Ouch! That really hurt!
You claw Sigmund!
Sigmund is almost dead.
The hobgoblin barely misses you.
Sigmund gestures wildly while chanting.
Sigmund flickers and vanishes!
Deactivating autopickup; reactivate with Ctrl-A.
Unknown command.
You closely miss something. The hobgoblin barely misses you.
Something hits you!
Ouch! That really hurt!
You die...

........ ..⌠# 8......
..8.###### ....#
......._.∩## ..8.#
.8........∩###
....###.............##
.###...# #..........⌠#
.# #.<.# #..........⌠#
.###...###.....g....⌠#
....###.........@...#
..8.# #.8........{###
....###......___∩##
8.........8.######
...........⌠#
#.........###
#_......._#
#_........#
#_......._#


You could see a hobgoblin.

Vanquished Creatures
  A giant cockroach (D)
1 creature vanquished.

Notes
Turn   | Place    | Note
--------------------------------------------------------------
     0 | D        | nuthulu the Ghoul Monk began the quest for the Orb.
     0 | D        | Reached XP level 1. HP: 19/19 MP: 0/0
     1 | D        | Found an opulent altar of Gozag.
     2 | D        | Found a corrupted altar of Lugonu.
     2 | D        | Found a sacrificial altar of Ru.
     3 | D        | Found a deep blue altar of Sif Muna.
     4 | D        | Found Kiefo's Bee Food.
     4 | D        | Found an ancient bone altar of Kikubaaqudgha.
     4 | D        | Found Gapyt's Identification Station.
     5 | D        | Found Jicralal's Jewellery.
     5 | D        | Found Befu's Advanced Armour.
     5 | D        | Round 1.
     9 | D        | Found a viscous altar of Jiyva.
    10 | D        | Found a shimmering altar of Xom.
    11 | D        | Found a glowing golden altar of the Shining One.
    12 | D        | Found a radiant altar of Vehumet.
    12 | D        | Found a blossoming altar of Fedhas.
    12 | D        | Found Jyric's Premium Goods.
    12 | D        | Found Poubbez's Weapon Rack.
    13 | D        | Found Toemon's Miscellaneous Merchandise.
    13 | D        | Found Ehaedd's Basic Armour.
    16 | D        | Found a burning altar of Makhleb.
    17 | D        | Found a glowing silver altar of Zin.
    18 | D        | Found a basalt altar of Yredelemnul.
    19 | D        | Found Roitu's Do-It-Yourself Clinic.
    20 | D        | Found Acoevych's Bottled Wisdom.
    20 | D        | Found Osit's Distillery.
    28 | D        | Noticed Sigmund
    29 | D        | Became a worshipper of Makhleb the Destroyer
    29 | D        | Acquired Makhleb's first power
    29 | D        | Acquired Makhleb's second power
    30 | D        | Found a stormy altar of Qazlal.
    30 | D        | Found Jequamin's Distillery.
    47 | D        | Mangled by Sigmund

Vault maps used:
D:        arena_sprint

Action                   || total
-------------------------++-------
Melee: Unarmed           ||    14
Evoke: Wand              ||     1
  Use: Potion            ||     1
